 Dungeon Crawl Stone Soup version 0.30.1-11-g7821555f0a (webtiles) character file.

Game seed: 5017066766319264130

30 comborobin the Chopper (level 3, 0/31 HPs)
             Began as a Minotaur Delver on Nov 20, 2023.
             Frozen to death by an endoplasm (4 damage)
             ... on level 3 of the Dungeon.
             The game lasted 00:00:34 (242 turns).

comborobin the Chopper (Minotaur Delver)             Turns: 242, Time: 00:00:35

Health: 0/31       AC:  3    Str: 16    XL:     3   Next: 5%
Magic:  2/2        EV: 12    Int:  7    God:
Gold:   18         SH:  0    Dex: 13    Spells: 2/2 levels left

rFire   . . .        a - +0 war axe
rCold   . . .        (no shield)
rNeg    . . .        b - +0 leather armour
rPois   .            (helmet restricted)
rElec   .            (no cloak)
rCorr   .            (no gloves)
SInv    .            (no boots)
Will    .....        (no amulet)
Stlth   ++           (no ring)
HPRegen 0.25/turn    (no ring)
MPRegen 0.08/turn

%: no passive effects
@: hasted, very quick
A: horns 2, retaliatory headbutt
a: no special abilities


You were on level 3 of the Dungeon.
You visited 1 branch of the dungeon, and saw 3 of its levels.

You collected 18 gold pieces.

Inventory:

Hand Weapons
 a - a +0 war axe (weapon)
 d - a +0 sling
Missiles
 i - 5 poisoned darts (quivered)
Armour
 b - a +0 leather armour (worn)
Wands
 g - a wand of digging (3)
Scrolls
 c - a scroll of fog


   Skills:
 - Level 3.6 Fighting
 + Level 4.3 Axes
 - Level 2.1 Dodging
 - Level 4.1 Stealth


You had 2 spell levels left.
You didn't know any spells.
Your spell library was empty.

Dungeon Overview and Level Annotations

Branches:
Dungeon (5/15)
 Temple: D:4-7

Altars:


Innate Abilities, Weirdness & Mutations

You have a pair of horns on your head.
You reflexively headbutt those who attack you in melee.


Message History

A hobgoblin comes into view.
The goblin shoots a sling bullet.
The sling bullet closely misses you.
You barely miss the orc priest.
The orc priest is lightly wounded.
The orc priest hits you with a +0 hand axe.
The goblin shoots a sling bullet.
The sling bullet misses you.
Unknown command.
As you read the scroll of fear, it crumbles to dust.
You assume a fearsome visage.
The adder looks frightened!
The orc looks frightened!
The orc priest resists with some effort.
The orc priest looks frightened!
The orc looks frightened!
The goblin looks frightened!
An endoplasm comes into view.
An endoplasm comes into view.
The endoplasm quivers.
The orc wizard points at you and mumbles some strange words.
You are confused.
The orc priest looks encouraged for a moment.
You see here a bat corpse.
You're too confused to move!
You bump into the rock wall.
The orc priest calls down the wrath of Beogh upon you.
Beogh smites you!
* * * LOW HITPOINT WARNING * * *
Found two stone staircases leading down.
The orc wizard misses you.
The orc priest calls upon Beogh to heal the orc priest.
The orc priest's wounds heal themselves!
You feel yourself speed up. The endoplasm closely misses you.
The orc wizard gestures at you while chanting.
The magic dart hits you.
* * * LOW HITPOINT WARNING * * *
The orc priest hits you but does no damage.
You see here a bat corpse.
You bump into the rock wall.
You feel less confused. The endoplasm freezes you.
You are frozen.
You die...

..........###...#######
##.#...............)))#
>.........###...#####.#
.......#.# ##.## #.#
##....?#.#####.# #.#
......g........# #.###
........o......# #...†
.##.#.oJJ#####.# #####
#..#@# #.# #..#.# #.#
!...#.# #.# .o.>.#=#
#.# ......#.# #.#
........# ###


You could see an orc priest, an orc wizard, 2 endoplasms and a hobgoblin.

Vanquished Creatures
  Robin (D:3)
  A worm (D:3)
  A dart slug (D:3)
  An endoplasm (D:3)
  3 hobgoblins (D:3)
  A bat (D:3)
  7 goblins (D:3)
15 creatures vanquished.

Notes
Turn   | Place    | Note
-------+----------+-------------------------------------------
     0 | D:5      | comborobin the Minotaur Delver began the quest for the Orb.
     0 | D:5      | Reached XP level 1. HP: 19/19 MP: 0/0
   101 | D:3      | Noticed Robin
   110 | D:3      | Reached XP level 2. HP: 17/26 MP: 1/1
   123 | D:3      | Killed Robin
   232 | D:3      | Reached XP level 3. HP: 22/31 MP: 2/2
   242 | D:3      | Frozen to death by an endoplasm

Illustrated notes

Levels and vault maps discovered:
D:3:      layout_loops_ring, nemelex_diamond_rough_becter, minivault_26,
          uniq_jessica, uniq_robin
D:4:      layout_loops_corners, mainiacjoe_overflow_swirl,
          gammafunk_ghost_arena, uniq_grinder
D:5:      layout_layer_cave, minmay_starry_boxes

Skill      XL: |  1  2 |
---------------+-------+-----
Axes           | 3 4 |  4.3
Fighting       | |  3.6
Dodging        | |  2.1
Stealth        | |  4.1

Action                     || total
---------------------------++-------
  Melee: War axe           ||    32
         Headbutt          ||     4
    Use: Scroll            ||     2
         Potion            ||     1
   Stab: Sleeping          ||     1
 Armour: Leather armour    ||     9
  Dodge: Dodged            ||    27
